 Dungeon Crawl Stone Soup version 0.13-a0-2485-g242ae62 (webtiles) character file.

260 JogiH the Magician (level 4, -1/37 HPs)
             Began as a Djinni Wizard on July 21, 2013.
             Slain by a gnoll
             ... wielding a +0,+0 halberd
              (6 damage)
             ... on Level 4 of the Dungeon.
             The game lasted 00:17:51 (6287 turns).

JogiH the Magician (Djinni Wizard)                  Turns: 6287, Time: 00:17:51

HP  -1/37        AC  5     Str  7      XL: 4   Next: 89%
MP   0/0         EV 12     Int 19      God:
Gold 130         SH  0     Dex 12      Spells:  5 memorised,  0 levels left

Res.Fire  : + + +   See Invis. : .   (no weapon)
Res.Cold  : x . .   Warding    : .   a - +0 robe
Life Prot.: + + +   Conserve   : .   (no shield)
Res.Poison: .       Res.Corr.  : .   b - +0 wizard hat
Res.Elec. : .       Clarity    : .   d - +1 elf cloak
Sust.Abil.: . .     Spirit.Shd : .   g - +0 pair of gloves
Res.Mut.  : .       Stasis     : .   (boots unavailable)
Res.Rott. : .       Flight     : .   (no amulet)
Saprovore : . . .                    (no ring)
                                     (no ring)

@: slightly resistant to hostile enchantments, fairly stealthy
A: no striking features
a: no special abilities


You were on level 4 of the Dungeon.
You were not hungry.

You visited 1 branch of the dungeon, and saw 4 of its levels.

You collected 110 gold pieces.

Inventory:

Armour
 a - a +0 robe (worn)
 b - a +0 wizard hat (worn)
 d - a +1 elven cloak (worn)
 g - a +0 pair of gloves (worn)
Scrolls
 f - 9 scrolls of identify {unknown}
 h - 2 scrolls of magic mapping {unknown}
 j - 2 scrolls of remove curse {unknown}
 k - 3 scrolls of blinking {unknown}
 l - a scroll of enchant weapon II {unknown}
 m - 2 scrolls of amnesia {unknown}
 p - 4 scrolls of recharging {unknown}
Potions
 e - 2 potions of curing {unknown}
 i - a potion of brilliance {unknown}
 n - a potion of invisibility {unknown}
 o - a potion of might {unknown}
 q - a potion of speed {unknown}
 r - a potion of heal wounds {unknown}
Books
 c - a book of Minor Magic

   Spells                             Type                      Level
   *Magic Dart                        Conjuration                  1
   *Blink                             Translocation                2
   *Call Imp                          Summoning                    2
   Repel Missiles                     Charms/Air                   2
   Slow                               Hexes                        2
   *Conjure Flame                     Conjuration/Fire             3
   *Mephitic Cloud                    Conjuration/Poison/Air       3


   Skills:
 - Level 1.1 Fighting
 + Level 2.2 Dodging
 * Level 1.8 Stealth
 - Level 4.0 Spellcasting
 * Level 2.7 Conjurations
 * Level 2.4 Summonings
 * Level 1.5 Translocations


You couldn't memorise any spells.
You knew the following spells:

 Your Spells              Type           Power        Failure   Level  Hunger
a - Magic Dart            Conj           ##..         6%          1    None
b - Blink                 Tloc           N/A          12%         2    #......
c - Call Imp              Summ           ##........   10%         2    #......
d - Conjure Flame         Conj/Fire      #.......     28%         3    ###....
e - Mephitic Cloud        Conj/Pois/Air  #.......     34%         3    ###....


Dungeon Overview and Level Annotations

Branches:
Dungeon (4/27)
 Temple: D:4-7

Altars:


Message History

Confirm with . or Enter, or press ? or * to list all spells.
You don't have enough magic to cast that spell.
The gnoll hits the gnoll with a club!
The hobgoblin picks up some gold.
A gnoll shaman comes into view. It is wielding a runed whip.
The gnoll shaman shouts!
The gnoll seems less confused.
The gnoll misses the gnoll shaman.
The gnoll shaman calls upon its god to heal the gnoll.
The gnoll's wounds heal themselves!
The gnoll closely misses you.
A gnoll comes into view. It is wielding a halberd.
The gnoll shaman calls upon its god to heal the gnoll.
The gnoll is healed somewhat.
The gnoll moves out of view.
A gnoll comes into view. It is wielding a flail.
The gnoll closely misses you.
The gnoll moves out of view.
Casting: Mephitic Cloud
Confirm with . or Enter, or press ? or * to list all spells.
You blink.
The gnoll hits you from afar with a halberd.
You die...

########## #.# ...
.....# #.# #
##.##.##.# #.#
##.#......%.####..
.........$.......#
#........# #.#
#...<@...####.#
#...............######
###.....g.##.#..g..).#
#.............####.#
######g.##g.....##.#
#.......####..#.##.#
#.....g.####.......###
#.......g.....#.##....
#..........g..........


You could see a gnoll shaman, 3 gnolls and a hobgoblin.

Vanquished Creatures
  Ijyb (D:3)
  6 orcs
  4 giant cockroaches
  10 goblins
  14 hobgoblins
  5 kobolds
  2 ball pythons
  8 bats
  3 giant newts (D:1)
  6 jackals
  A jackal skeleton (D:3)
  2 quokkas (D:3)
  15 rats
77 creatures vanquished.

Vanquished Creatures (collateral kills)
  A worker ant (D:3)
  3 orcs (D:3)
  A bat (D:4)
  2 giant cockroaches
  6 goblins
  A hobgoblin (D:1)
  6 jackals
  4 kobolds
  An ooze (D:1)
  A quokka (D:3)
  A rat (D:1)
  A rat skeleton (D:4)
28 creatures vanquished.

Vanquished Creatures (others)
  A crimson imp (D:4)
  A shadow imp (D:2)
  A white imp (D:3)
3 creatures vanquished.

Grand Total: 108 creatures vanquished

Notes
Turn   | Place    | Note
--------------------------------------------------------------
     0 | D:1      | JogiH, the Djinni Wizard, began the quest for the Orb.
     0 | D:1      | Reached XP level 1. HP: 14/14 MP: 0/0
   222 | D:1      | Reached XP level 2. EP: 9/22
   297 | D:1      | Learned a level 2 spell: Blink
   300 | D:1      | Learned a level 2 spell: Call Imp
   329 | D:1      | Reached skill level 1 in Fighting
   681 | D:1      | Reached skill level 4 in Spellcasting
  1111 | D:1      | HP: 1/23 [hobgoblin/ stone (2)]
  1671 | D:1      | Reached XP level 3. EP: 13/29
  1821 | D:1      | Learned a level 3 spell: Conjure Flame
  4373 | D:3      | Reached XP level 4. EP: 35/37
  4912 | D:3      | Noticed Ijyb
  4952 | D:3      | Killed Ijyb
  6185 | D:3      | Learned a level 3 spell: Mephitic Cloud
  6287 | D:4      | Slain by a gnoll

Action                   |  1- 3 |  4- 6 || total
-------------------------+-------+-------++-------
Melee: Unarmed           |    44 |    53 ||    97
 Cast: Magic Dart        |   136 |    75 ||   211
       Call Imp          |    11 |    15 ||    26
       Conjure Flame     |       |     1 ||     1
       Mephitic Cloud    |       |     1 ||     1
       Blink             |       |     1 ||     1
 Stab: Distracted        |       |     2 ||     2
